 Dungeon Crawl Stone Soup version 0.30-a0-715-gdb4ae3ece1 (webtiles) character file.

Game seed: 4194632777089308481

0 Azfaa the Caller (level 1, 10/10 HPs)
             Began as a Kobold Summoner on Jan 22, 2023.
             Quit the game on level 1 of the Dungeon.
             The game lasted 00:00:40 (68 turns).

Azfaa the Caller (Kobold Summoner)                    Turns: 68, Time: 00:00:41

Health: 10/10      AC:  2    Str:  5    XL:     1   Next: 11%
Magic:  2/3        EV: 15    Int: 16    God:
Gold:   29         SH:  0    Dex: 15    Spells: 3/4 levels left

rFire   . . .      SeeInvis .    (weapon restricted)
rCold   . . .      Faith    .    (no shield)
rNeg    . . .      Spirit   .    a - +0 robe
rPois   .          Reflect  .    (no helmet)
rElec   .          Harm     .    (no cloak)
rCorr   .          Rampage  .    (no gloves)
Will    .....                    (no boots)
Stlth   +++                      (no amulet)
HPRegen 0.21/turn                (no ring)
MPRegen 0.08/turn                (no ring)

@: no status effects
A: small, no large weapons, nightstalker 3
a: no special abilities


You were on level 1 of the Dungeon.
You visited 1 branch of the dungeon, and saw 1 of its levels.

You collected 29 gold pieces.

Inventory:

Missiles
 c - 3 javelins
Armour
 a - a +0 robe (worn)
Potions
 b - a potion of magic


   Skills:
 + Level 2.4 Dodging
 + Level 2.6 Stealth
 + Level 2.1 Spellcasting
 + Level 4.0 Summonings


You had 3 spell levels left.
You knew the following spells:

 Your Spells              Type           Power      Damage    Failure   Level
a - Summon Small Mammal   Summ           56%        N/A       3%          1

Your spell library contained the following spells:

 Spells                   Type           Power      Damage    Failure   Level
 Call Imp                 Summ           14%        N/A       6%          2
 Call Canine Familiar     Summ           14%        N/A       12%         3
 Summon Guardian Golem    Hex/Summ       8%         N/A       26%         3
 Summon Lightning Spire   Summ/Air       8%         N/A       65%         4


Dungeon Overview and Level Annotations

Branches:
Dungeon (1/15)

Altars:


Innate Abilities, Weirdness & Mutations

You are small and have problems with some larger weapons.
You are completely attuned to the shadows.


Message History

Okay, then.
As you read the scroll labelled JID ALOPUCSAI, it crumbles to dust.
You hear the flapping of tiny wings.
It was a scroll of butterflies.
You swap places.
You swap places.
You swap places.
Found 15 gold pieces.
You swap places.
You now have 29 gold pieces (gained 15).
You swap places.
You swap places.
You open the door.
There is an open door here.
Found a stone staircase leading down.
Found 3 javelins.
Your butterfly disappears in a burst of colours!
You swap places.
Your butterfly disappears in a burst of colours!
You see here 3 javelins.
c - 3 javelins
Found a stone staircase leading down.
A kobold comes into view. It is wielding a +0 dagger.
Casting: Summon Small Mammal (safe; 4% risk of failure)
Press: ? - help, Q - select action Dir - look around, f - activate You hit the kobold.
The kobold is moderately wounded.
Your bat misses the kobold. The kobold completely misses you.
You barely miss the kobold.
The kobold is moderately wounded.
The kobold closely misses you.
Your bat hits the kobold. You closely miss the kobold.
The kobold is severely wounded.
Your bat hits the kobold but does no damage.
Your bat hits the kobold.
The kobold dies!
Things that are here:
a +0 dagger; 3 stones
Okay, then.
Unknown command.
Unknown command.
Are you sure you want to abandon this character and quit the game? (Confirm with "yes".)

######
....>#
####.#####
.....@....
####.#####
..b......#
####.###.#
#.# #.# ..
#.# #.#
#.## #.#
#.# #
..### #.#
#.# #
##...#####
#.# #.#


You could see a friendly bat (summoned).

Vanquished Creatures (collateral kills)
  A kobold (D:1)
1 creature vanquished.

Notes
Turn   | Place    | Note
-------+----------+-------------------------------------------
     0 | D:1      | Azfaa the Kobold Summoner began the quest for the Orb.
     0 | D:1      | Reached XP level 1. HP: 10/10 MP: 3/3
    68 | D:1      | Quit the game

Illustrated notes

Levels and vault maps discovered:
D:1:      lightli_molten_gateway, layout_basic, dreamdust_ecumenical_altar_grove

Action                     || total
---------------------------++-------
  Melee: Unarmed           ||     3
   Cast: Summon Small Mamm ||     1
    Use: Scroll            ||     1
  Dodge: Dodged            ||     2

Table legend: (Time is in decaauts)
 A = Elapsed time spent in this place.
 B = Non-inter-level travel time spent in this place.
 C = Inter-level travel time spent in this place.
 D = Time resting spent in this place.
 E = Time spent auto-exploring this place.
 F = Levels seen in this place.
 G = Mean time per level.
                   A        B        C        D        E       F      G
               +--------+--------+--------+--------+--------+-----+--------+
         Total |     68 |     68 |      0 |      0 |      0 |   1 |   68.0 |
       Dungeon |     68 |     68 |      0 |      0 |      0 |   1 |   68.0 |
               +--------+--------+--------+--------+--------+-----+--------+

Top non-repeatable levels by time:
     D:1: 68 daAuts
